 Dungeon Crawl Stone Soup version 0.29-a0-88-g03a7b78be7 (webtiles) character file.

Game seed: 14623641699650888183

961 enile the Gusty (level 7, -4/59 HPs)
             Began as a Demigod Air Elementalist on Feb 6, 2022.
             Slain by Duvessa (14 damage)
             ... on level 5 of the Dungeon.
             The game lasted 00:08:12 (6570 turns).

enile the Gusty (Demigod Air Elementalist)          Turns: 6570, Time: 00:08:12

Health: -4/59      AC:  2    Str:  9    XL:     7   Next: 60%
Magic:  11/16      EV: 16    Int: 25    God:
Gold:   274        SH:  5    Dex: 14    Spells: 6/14 levels left

rFire   . . .      SeeInvis .   g - +2 demon blade (elec)
rCold   . . .      Faith    .   (no shield)
rNeg    . . .      Spirit   .   a - +0 robe
rPois   .          Reflect  +   (no helmet)
rElec   .          Harm     .   (no cloak)
rCorr   .          Rampage  .   (no gloves)
Will    .....                   (no boots)
Stlth   ++........              i - amulet of reflection
HPRegen 0.19/turn               e - +4 ring of evasion
MPRegen 0.15/turn               (no ring)

@: swift, attractive, quick
A: high MP 1, forlorn, divine attributes
a: no special abilities


You were on level 5 of the Dungeon.
You visited 1 branch of the dungeon, and saw 5 of its levels.

You collected 274 gold pieces.

Inventory:

Hand Weapons
 b - a +0 short sword
 c - a +0 short sword
 g - a +2 demon blade of electrocution (weapon)
 h - a +0 trident
Armour
 a - a +0 robe (worn)
Jewellery
 e - a +4 ring of evasion (left hand)
 i - an amulet of reflection (around neck)
 m - an amulet of the acrobat
Wands
 q - a wand of iceblast (4)
Scrolls
 n - a scroll of magic mapping {unknown}
 p - a scroll of enchant armour {unknown}
 r - a scroll of identify
Potions
 d - 2 potions of mutation {unknown}
 f - 2 potions of curing
 j - a potion of lignification {unknown}
 k - a potion of invisibility {unknown}
 l - a potion of heal wounds


   Skills:
 - Level 4.0 Fighting
 - Level 2.0 Long Blades
 + Level 2.2 Dodging
 - Level 1.7 Stealth
 - Level 4.0 Spellcasting
 - Level 0.8 Conjurations
 - Level 6.0 Air Magic


You had 6 spell levels left.
You knew the following spells:

 Your Spells              Type           Power      Damage    Failure   Level
a - Shock                 Conj/Air       88%        1d8       2%          1
b - Airstrike             Air            17%        N/A       8%          4
c - Swiftness             Air            35%        N/A       2%          3

Your spell library contained the following spells:

 Spells                   Type           Power      Damage    Failure   Level
 Static Discharge         Conj/Air       22%        N/A       3%          2
 Magic Dart               Conj           36%        1d4       6%          1
 Searing Ray              Conj           18%        2d5       10%         2
 Lightning Bolt           Conj/Air       11%        1d24      52%         5
 Flame Wave               Conj/Fire      7%         2d5       58%         4
 Fulminant Prism          Conj/Hex       3%         3d6       58%         4
 Irradiate                Conj/Tmut      3%         3d14      91%         5


Dungeon Overview and Level Annotations

Branches:
Dungeon (5/15)
 Temple: D:4-7

Shops:
D:3 *

Annotations:
D:4 exclusion: ogre
D:5 Duvessa


Innate Abilities, Weirdness & Mutations

You have an increased reservoir of magic. (+10% MP)
You shall have no god before yourself.
Your divine heritage dramatically boosts your attributes as you level up.


Message History

Lightning courses through the bullfrog zombie!
The bullfrog zombie is almost destroyed.
Duvessa goes berserk!
The bullfrog zombie hits you.
You barely miss the bullfrog zombie.
The bullfrog zombie is almost destroyed.
You block the bullfrog zombie's attack.
Duvessa rages.
The bullfrog zombie hits you.
You hear a shout!
You hit the bullfrog zombie.
You destroy the bullfrog zombie!
Training target 4.0 for Fighting reached!
Your Fighting skill increases to level 4!
You need to enable at least one skill for training.
Duvessa barely misses you.
Casting: Airstrike (dangerous; 8% risk of failure)
Confirm with . or Enter, or press ? or * to list all spells.
Okay, then.
Casting: Airstrike (dangerous; 8% risk of failure)
Confirm with . or Enter, or press ? or * to list all spells.
You feel quick. Duvessa completely misses you.
An ogre comes into view. It is wielding a +0 giant club.
You block Duvessa's attack. Duvessa hits you with a +0 short sword!
Duvessa rages.
There is a large open door here.
Duvessa rages.
You block Duvessa's attack.
Casting: Swiftness (dangerous; 2% risk of failure)
Confirm with . or Enter, or press ? or * to list all spells.
Okay, then.
You slash Duvessa!
Duvessa is lightly wounded.
Duvessa hits you with a +0 short sword! Duvessa completely misses you.
Duvessa rages.
It was a potion of attraction.
You feel attractive to monsters. Duvessa hits you with a +0 short sword!
* * * LOW HITPOINT WARNING * * *
Duvessa hits you with a +0 short sword!
You die...

#############
############)..@e......#
##............########O'########
#..############≈≈≈≈≈≈≈..≈≈≈≈≈≈≈#
...## #≈..............≈## ....#
#≈.####....####.≈## ...##
#≈.####....####.≈## #.##
#≈.####....####.≈#. #.#
#≈.####.O..####.≈## #.#
#≈.[............≈#


You could see Duvessa (berserk) and an ogre.

Vanquished Creatures
  Prince Ribbit (D:5)
  2 ogres
  A centaur (D:5)
  A phantom (D:5)
  Dowan (D:5)
  A bullfrog zombie (D:5)
  2 hounds (D:4)
  A jelly (D:4)
  Jessica (D:2)
  2 iguanas
  A hound skeleton (D:4)
  7 adders
  2 worms
  A dart slug (D:2)
  10 orcs
  10 ball pythons
  6 endoplasms
  A giant cockroach (D:2)
  12 goblins
  6 hobgoblins
  4 jackals (D:2)
  3 quokkas
  A bat (D:1)
  7 frilled lizards
  8 kobolds
  A quokka skeleton (D:4)
  3 rats
96 creatures vanquished.

Vanquished Creatures (others)
  9 plants (D:3)
9 creatures vanquished.

Grand Total: 105 creatures vanquished

Notes
Turn   | Place    | Note
-------+----------+-------------------------------------------
     0 | D:1      | enile the Demigod Air Elementalist began the quest for the
                  | Orb.
     0 | D:1      | Reached XP level 1. HP: 14/14 MP: 5/5
   290 | D:1      | Reached skill level 1 in Fighting
   716 | D:1      | Reached XP level 2. HP: 23/23 MP: 0/7
  1411 | D:2      | Reached skill level 3 in Air Magic
  1438 | D:2      | Reached XP level 3. HP: 24/29 MP: 2/8
  2374 | D:2      | Noticed Jessica
  2377 | D:2      | Killed Jessica
  2378 | D:2      | Reached skill level 4 in Air Magic
  2378 | D:2      | Reached XP level 4. HP: 36/36 MP: 5/9
  2827 | D:3      | Learned a level 4 spell: Airstrike
  3020 | D:3      | Found Yxipsusu's Assorted Antiques.
  3754 | D:4      | Reached XP level 5. HP: 45/45 MP: 5/11
  3774 | D:4      | Noticed an ogre
  3778 | D:4      | Identified a scroll of acquirement
  3778 | D:4      | Acquired Fapephut's Compendium of Combat Magic
  4493 | D:4      | Noticed an ogre
  4516 | D:4      | Learned a level 3 spell: Swiftness
  4714 | D:4      | Reached XP level 6. HP: 51/51 MP: 13/13
  4761 | D:4      | Reached skill level 5 in Air Magic
  5165 | D:5      | Entered Level 5 of the Dungeon
  5730 | D:5      | Reached XP level 7. HP: 26/57 MP: 13/16
  6316 | D:5      | Noticed Prince Ribbit
  6322 | D:5      | Killed Prince Ribbit
  6323 | D:5      | Reached skill level 6 in Air Magic
  6417 | D:5      | Noticed Duvessa
  6418 | D:5      | Noticed Dowan
  6435 | D:5      | Killed Dowan
  6570 | D:5      | Slain by Duvessa

Illustrated notes

Levels and vault maps discovered:
D:1:      lightli_molten_gateway, layout_loops_cross,
          ebering_ecumenical_altar_mist
D:2:      layout_loops_cross, chequers_arboretum, due_unseen_surprise,
          uniq_jessica
D:3:      layout_basic, serial_shops, nicolae_shop_statue_plus,
          serial_bayou_lake_a
D:4:      layout_gridville, mainiacjoe_overflow_tiny_flanked, minmay_checkerbox
D:5:      layout_loops_corners, hangedman_decor_growths, dk_noncrumbling_2,
          kennysheep_dice, uniq_duvessa, uniq_prince_ribbit1

Skill      XL: |  1  2  3  4  5  6  7 |
---------------+----------------------+-----
Fighting       | 1 2 3 4 |  4.0
Spellcasting   | 2 3 4 |  4.0
Air Magic      | 3 4 5 6 |  6.0
Dodging        | 2 |  2.2
Long Blades    | 2 |  2.0
Stealth        | |  1.7
Conjurations   | |  0.8

Action                   |  1- 3 |  4- 6 |  7- 9 || total
-------------------------+-------+-------+-------++-------
Melee: Unarmed           |     7 |       |       ||     7
       Trident           |    50 |    19 |       ||    69
       Demon blade       |       |    17 |    14 ||    31
 Cast: Shock             |    85 |   116 |     5 ||   206
       Airstrike         |       |    10 |     6 ||    16
       Swiftness         |       |     1 |     1 ||     2
  Use: Potion            |     2 |     1 |     1 ||     4
       Scroll            |     1 |     4 |       ||     5
 Stab: Sleeping          |       |     1 |       ||     1
Armor: Robe              |     5 |     3 |     1 ||     9
Dodge: Dodged            |    69 |    56 |     9 ||   134
Block: Other             |       |     8 |     4 ||    12

Table legend: (Time is in decaauts)
 A = Elapsed time spent in this place.
 B = Non-inter-level travel time spent in this place.
 C = Inter-level travel time spent in this place.
 D = Time resting spent in this place.
 E = Time spent auto-exploring this place.
 F = Levels seen in this place.
 G = Mean time per level.
                   A        B        C        D        E       F      G
               +--------+--------+--------+--------+--------+-----+--------+
         Total |   6611 |   6506 |    105 |    307 |   5467 |   5 | 1322.2 |
       Dungeon |   6611 |   6506 |    105 |    307 |   5467 |   5 | 1322.2 |
               +--------+--------+--------+--------+--------+-----+--------+

Top non-repeatable levels by time:
     D:4: 1684 daAuts
     D:2: 1415 daAuts
     D:5: 1410 daAuts
     D:1: 1383 daAuts
     D:3: 718 daAuts
